 Dungeon Crawl Stone Soup version 0.20.1-1-g8b1a95d (webtiles) character file.

748 Ymberti the Shield-Bearer (level 7, -2/61 HPs)
             Began as a Hill Orc Fighter on Oct 10, 2017.
             Was an Initiate of Beogh.
             Slain by an orc wizard
             ... wielding a +0 dagger
              (3 damage)
             ... on level 7 of the Dungeon.
             The game lasted 00:13:10 (4266 turns).

Ymberti the Shield-Bearer (Hill Orc Fighter)        Turns: 4266, Time: 00:13:12

Health: -2/61      AC: 12    Str: 21 (22) XL:     7   Next: 77%
Magic:  7/7        EV:  6    Int:  6 (8)  God:    Beogh [......]
Gold:   207        SH: 12    Dex: 12      Spells: 6/6 levels left

rFire    . . .     SeeInvis .   a - +0 long sword
rCold    . . .     Gourm    .   n - +2 shield
rNeg     . . .     Faith    .   s - +0 chain mail
rPois    .         Spirit   .   (no helmet)
rElec    .         Reflect  .   (no cloak)
rCorr    .         Harm     .   e - +0 pair of gloves
MR       .....                  y - +0 pair of boots
Stlth    ..........             (no amulet)
Regen    0.2/turn               z - ring of flight
MPRegen  0.1/turn               d - +3 ring of strength

@: slowed, very slow
A: no striking features
a: Renounce Religion, Evoke Flight


You were on level 7 of the Dungeon.
You worshipped Beogh.
Beogh was noncommittal.
You were not hungry.

You visited 1 branch of the dungeon, and saw 7 of its levels.

You collected 207 gold pieces.

Inventory:

Hand Weapons
 a - a +0 long sword (weapon)
Armour
 e - a +0 pair of gloves (worn)
 n - a +2 shield (worn)
 s - a +0 chain mail (worn)
 y - a +0 pair of boots (worn)
Jewellery
 d - a +3 ring of strength (right hand)
 t - an uncursed ring of ice
 z - a ring of flight (left hand)
Scrolls
 g - a scroll of remove curse
 i - 3 scrolls of amnesia
 j - a scroll of teleportation
 k - a scroll of noise {unknown}
 l - 4 scrolls of recharging {unknown}
 m - a scroll of fog {unknown}
 r - 2 scrolls of identify {unknown}
 u - 2 scrolls of enchant armour {unknown}
 w - a scroll of enchant weapon {unknown}
Books
 h - a book of Callings

   Spells                             Type                      Level
   a - Summon Small Mammal            Summoning                    1
   b - Call Imp                       Summoning                    2
   c - Call Canine Familiar           Summoning                    3
   d - Summon Guardian Golem          Hexes/Summoning              3
   e - Summon Lightning Spire         Summoning/Air                4
   f - Summon Ice Beast               Ice/Summoning                4
Comestibles
 b - 2 royal jellies
 c - 2 meat rations
 f - 3 bread rations


   Skills:
 + Level 5.2 Fighting
 + Level 5.6 Long Blades
 + Level 5.1 Armour
 + Level 1.3 Dodging
 + Level 0.1 Stealth
 + Level 5.7 Shields


You had 6 spell levels left.
You didn't know any spells.

Dungeon Overview and Level Annotations

Branches:
Dungeon (7/15)
 Temple: D:4-7

Altars:

Shops:
D:5 [

Annotations:
D:5 Blork the orc, Pikel, Prince Ribbit


Message History

You slash the howler monkey skeleton!
You destroy the howler monkey skeleton!
Beogh accepts your kill.
The orc wizard gestures wildly while chanting.
The orc wizard blinks!
The worker ant bites you but does no damage.
The orc wizard casts a spell at you. The magic dart hits you!
The worker ant bites you.
* * * LOW HITPOINT WARNING * * *
The howler monkey hoots and howls with incredible vigour!
The killer bee zombie barely misses you.
You see here 3 scrolls of remove curse.
The orc wizard gestures at you while chanting.
The magic dart hits you!
* * * LOW HITPOINT WARNING * * *
The worker ant bites you but does no damage.
You block the killer bee zombie's attack.
The orc wizard hits you with a dagger.
You die...
Beogh appreciates the orc wizard's killing of a heretic priest.

...)...........
#.......<......
..............
.............
#............
.####.. ......#
.......##Z....#
......o@Zh...#
#.......ar...#
####......Y......
###...........
#...........
#...........
............
#............


You could see an ice beast, a howler monkey, a worker ant, an orc wizard, an
adder zombie, a killer bee zombie and a quokka.

Vanquished Creatures
  The ghost of Frank the Slasher, an amateur OpFi (D:4)
  An ogre (D:4)
  A scorpion (D:4)
  A crimson imp (D:5)
  A bullfrog zombie (D:5)
  2 hounds (D:4)
  A bullfrog skeleton (D:5)
  An iguana (D:3)
  A worker ant (D:4)
  2 orc wizards (D:5)
  A gnoll (D:1)
  A howler monkey skeleton (D:7)
  7 adders
  3 worms
  2 dart slugs (D:1)
  3 leopard geckos
  6 orcs
  3 ball pythons
  5 bats
  3 giant cockroaches
  9 goblins
  13 hobgoblins
  4 jackals
  4 kobolds
  A quokka (D:4)
  2 frilled lizards
  A jackal skeleton (D:4)
  4 rats
84 creatures vanquished.

Vanquished Creatures (others)
  An orc wizard (D:4)
  2 orcs (D:4)
3 creatures vanquished.

Grand Total: 87 creatures vanquished

Notes
Turn   | Place    | Note
-------+----------+-------------------------------------------
     0 | D:1      | Ymberti the Hill Orc Fighter began the quest for the Orb.
     0 | D:1      | Reached XP level 1. HP: 19/19 MP: 1/1
    88 | D:1      | Reached XP level 2. HP: 27/27 MP: 2/2
   277 | D:1      | Reached XP level 3. HP: 33/33 MP: 3/3
   961 | D:2      | Reached XP level 4. HP: 37/40 MP: 4/4
  1980 | D:3      | Reached XP level 5. HP: 46/46 MP: 5/5
  2531 | D:4      | Noticed an ogre
  2536 | D:4      | Killed an ogre
  2536 | D:4      | Reached XP level 6. HP: 45/53 MP: 6/6
  2692 | D:4      | Became a worshipper of Beogh the Brigand
  2699 | D:4      | Reached skill level 1 in Dodging
  2829 | D:4      | Noticed Frank's ghost (amateur OpFi)
  3459 | D:4      | Killed Frank's ghost
  3459 | D:4      | Reached skill level 5 in Long Blades
  3459 | D:4      | Reached skill level 5 in Shields
  3459 | D:4      | Reached XP level 7. HP: 48/60 MP: 7/7
  3511 | D:5      | Entered Level 5 of the Dungeon
  3521 | D:5      | Found Plog's Antique Armour Shoppe.
  3594 | D:5      | Reached skill level 5 in Fighting
  3626 | D:5      | Reached skill level 5 in Armour
  3681 | D:5      | Noticed Pikel
  4036 | D:5      | Noticed Prince Ribbit
  4173 | D:5      | Noticed Blork the orc
  4266 | D:7      | HP: 1/61 [orc wizard/magic dart (6)]
  4266 | D:7      | Slain by an orc wizard

Skill      XL: |  1  2  3  4  5  6  7 |
---------------+----------------------+-----
Fighting       | 4 5 |  5.2
Armour         | 4 5 |  5.1
Long Blades    | 3 4 5 |  5.6
Shields        | 4 5 |  5.7
Dodging        | 1 |  1.3
Stealth        | |  0.1

Action                   |  1- 3 |  4- 6 |  7- 9 || total
-------------------------+-------+-------+-------++-------
Melee: Long sword        |    87 |   241 |   107 ||   435
Invok: Convert to Beogh  |       |     1 |       ||     1
  Use: Potion            |       |     6 |       ||     6
       Scroll            |       |     1 |     2 ||     3
  Eat: Bread ration      |       |     2 |       ||     2
       Royal jelly       |       |     1 |       ||     1
       Fruit             |       |     2 |       ||     2
Armor: Scale mail        |    52 |    12 |       ||    64
       Chain mail        |       |   102 |    72 ||   174
       Skin              |       |     9 |     8 ||    17
Dodge: Dodged            |    29 |    48 |    28 ||   105
Block: Shield            |    53 |   186 |    74 ||   313
       Rpst.: Long sword |     7 |    12 |     2 ||    21
